 Dungeon Crawl Stone Soup version 0.18-a0-1797-gc18daef (webtiles) character file.

342 nono the Cutter (level 6, 0/41 HPs)
             Began as a Halfling Fighter on Apr 22, 2016.
             Slain by an iguana (11 damage)
             ... on level 4 of the Dungeon.
             The game lasted 00:08:15 (3683 turns).

nono the Cutter (Halfling Fighter)                  Turns: 3683, Time: 00:08:15

Health: 0/41       AC:  9    Str: 16    XL:     6   Next: 88%
Magic:  6/6        EV:  6    Int:  7    God:
Gold:   172        SH: 10    Dex: 16    Spells: 0 memorised, 5 levels left

rFire  + . .     SeeInvis .     a - +0 rapier
rCold  . . .     Gourm    .     h - +0 chain mail
rNeg   . . .     Faith    .     c - +0 shield
rPois  +         Spirit   .     (no helmet)
rElec  .         Dismiss  .     (no cloak)
rCorr  .         Reflect  .     (no gloves)
SustAt .         Harm     .     (no boots)
MR     .....                    (no amulet)
Stlth  ..........               u - ring of poison resistance
                                x - ring of protection from fire

@: not resistant to hostile enchantments, extremely unstealthy
A: mutation resistance 1
a: no special abilities


You were on level 4 of the Dungeon.
You were very hungry.

You visited 1 branch of the dungeon, and saw 4 of its levels.

You collected 172 gold pieces.

Inventory:

Hand Weapons
 a - a +0 rapier (weapon)
 j - a +0 dagger of freezing
Armour
 b - a +0 scale mail
 c - a +0 shield (worn)
 h - a +0 chain mail (worn)
 E - a +0 plate armour
Jewellery
 n - an uncursed ring of stealth
 q - an uncursed ring of fire
 r - an uncursed ring of fire
 u - a ring of poison resistance (right hand)
 x - a ring of protection from fire (left hand)
Wands
 o - a wand of slowing (24/48)
Scrolls
 g - 4 scrolls of identify
 k - 3 scrolls of remove curse
 l - 3 scrolls of fog {unknown}
 s - a scroll of immolation {unknown}
 w - a scroll of enchant armour {unknown}
 y - a scroll of magic mapping {unknown}
 A - a scroll of amnesia {unknown}
 B - 2 scrolls of blinking {unknown}
Potions
 d - a potion of might
 e - a potion of berserk rage {unknown}
 i - a potion of agility {unknown}
 m - 2 potions of cure mutation {unknown}
 v - a potion of resistance {unknown}
 z - a potion of degeneration {unknown}
 D - a potion of magic {unknown}
Comestibles
 f - 6 bread rations
 t - a meat ration


   Skills:
 - Level 2.6 Fighting
 + Level 5.6 Short Blades
 + Level 5.1 Armour
 + Level 5.2 Shields


You had 5 spell levels left.
You didn't know any spells.

Dungeon Overview and Level Annotations

Branches:
Dungeon (4/15)
 Temple: D:4-7

Altars:
Ru
Yredelemnul


Innate Abilities, Weirdness & Mutations

You are small and have problems with some larger weapons.
You are somewhat resistant to further mutation.


Message History

The iguana bites you but does no damage.
You hit the iguana but do no damage. The iguana bites you!
You hit the iguana but do no damage. The iguana bites you!
You closely miss the iguana. The iguana bites you!
You hit the iguana.
The iguana is lightly wounded.
The iguana bites you but does no damage.
You closely miss the iguana.
The iguana is lightly wounded.
The iguana bites you.
You hit the iguana but do no damage.
The iguana is lightly wounded.
The iguana bites you.
* * * LOW HITPOINT WARNING * * *
Things that are here:
a giant gecko corpse x2
You hit the iguana but do no damage.
The iguana is lightly wounded.
The iguana bites you!
You die...

#................#
.......###...###.#
#.#.....###.## #.#
..#....## ### #)#
###.#.## #.# ....#.# #.#
#####.# #.# ### ##'##
#.#...# ##...##
#@#...### ##.....##
##l......# ##.......#
#........# #.........#
#.........#
'.........+..........###
#.........####...#...#
##.......## ...###.##
###.....## .... .# #
##...## #.... .#


You could see an iguana.

Vanquished Creatures
  Jessica (D:3)
  Terence (D:2)
  4 worker ants
  The ghost of Duffy the Covered, a weakling FoWn of Cheibriados (D:4)
  7 adders
  An ooze (D:3)
  3 worms
  4 dart slugs
  7 giant geckos
  3 orcs (D:3)
  6 bats
  4 giant cockroaches
  8 goblins
  9 hobgoblins
  10 jackals
  7 kobolds
  3 quokkas
  3 giant newts
  10 rats
92 creatures vanquished.

Notes
Turn   | Place    | Note
--------------------------------------------------------------
     0 | D:1      | nono the Halfling Fighter began the quest for the Orb.
     0 | D:1      | Reached XP level 1. HP: 15/15 MP: 1/1
   323 | D:1      | Reached XP level 2. HP: 20/20 MP: 2/2
   588 | D:1      | Reached XP level 3. HP: 24/25 MP: 3/3
   963 | D:2      | Noticed Terence
   997 | D:2      | Killed Terence
   997 | D:2      | Reached XP level 4. HP: 23/30 MP: 4/4
  1302 | D:2      | Reached XP level 5. HP: 31/35 MP: 5/5
  1306 | D:2      | Found a sacrificial altar of Ru.
  1875 | D:3      | Reached skill level 5 in Short Blades
  1986 | D:3      | Noticed Jessica
  1997 | D:3      | Killed Jessica
  1997 | D:3      | Reached XP level 6. HP: 34/41 MP: 6/6
  2832 | D:4      | Found a basalt altar of Yredelemnul.
  2879 | D:4      | Reached skill level 5 in Shields
  3055 | D:4      | Noticed Duffy's ghost (weakling FoWn)
  3126 | D:4      | Killed Duffy's ghost
  3188 | D:4      | Reached skill level 5 in Armour
  3683 | D:4      | Slain by an iguana

Vault maps used:
D:1:      kilobyte_arrival_exit_the_forest, minmay_ruptured
D:2:      nicolae_ru_sacrificial_ziggurat, uniq_terence
D:3:      uniq_jessica
D:4:      yredelemnul_altar_generic

Skill      XL: |  1  2  3  4  5  6 |
---------------+-------------------+-----
Short Blades   | 3 4 5 |  5.6
Shields        | 4 5 |  5.2
Armour         | 4 5 |  5.1
Fighting       | |  2.6

Action                   |  1- 3 |  4- 6 || total
-------------------------+-------+-------++-------
Melee: Rapier            |    93 |   342 ||   435
       Dagger            |    25 |       ||    25
  Use: Scroll            |       |     2 ||     2
       Potion            |       |     1 ||     1
  Eat: Chunk             |       |     7 ||     7
       Beef jerky        |       |     1 ||     1
Armor: Scale mail        |     7 |       ||     7
       Chain mail        |    47 |   136 ||   183
       Plate armour      |       |    10 ||    10
Dodge: Dodged            |    37 |    63 ||   100
Block: Shield            |    55 |   144 ||   199
